[Event "7th Sharjah Challengers 2024"]
[Site "Sharjah"]
[Date "2024.05.22"]
[Round "9.11"]
[White "Pang, Tao"]
[Black "Kanter, Eduard"]
[Result "1-0"]
[ECO "D63"]
[WhiteElo "2496"]
[BlackElo "2344"]
[Annotator "TA"]
[PlyCount "102"]
[EventDate "2024.05.13"]
[EventType "swiss"]
[EventCountry "UAE"]
[SourceTitle "playchess.com"]
[Source "ChessBase"]
[SourceQuality "1"]
[TimeControl "5400+30"]

1. d4 d5 2. c4 e6 3. Nc3 Nf6 4. Bg5 Be7 5. e3 h6 6. Bh4 O-O 7. Nf3 Nbd7 8. Rc1 c5 {[%emt 0:03:57] D63: Queen's Gambit Declined: Classical: 7 Rc1.} 9. dxc5 dxc4 10. Bxc4 Nxc5 11. O-O a6 12. Be2 Qb6 $146 (12... b5 $11) ({Predecessor:} 12... b5 13. Ne5 Bb7 14. Bf3 Qxd1 15. Rfxd1 Bxf3 16. gxf3 Rfc8 17. Ne2 g5 18. Bg3 Nd5 {½-½ Mamedyarov,S (2767)-So,W (2767) chess.com Speed blitz 2019 (1.7)}) 13. Ne5 $14 Rd8 14. Qc2 Bd7 $1 15. Bg3 Rac8 16. Nc4 Qa7 17. b4 b5 $1 18. Bd6 Be8 19. Nb6 Rc6 20. Bxc5 (20. bxc5 $2 Bxd6 21. cxd6 Qxb6 $19) 20... Bxc5 21. Nxb5 $1 (21. bxc5 Rxc5 22. Qb2 Rc7 $17 (22... Qxb6 23. Na4 $16) (22... Qxb6 23. Na4 $18)) 21... axb5 (21... Qxb6 $6 22. bxc5 Qb8 23. Nd4 $16) (21... Bxb6 $14 22. Nxa7 Rxc2 23. Rxc2 Bxa7) 22. bxc5 $16 Qa5 (22... Rc7 $142) 23. Bf3 $1 $16 Rc7 24. Rfd1 ({White should play} 24. Qb2 $1) 24... Rxd1+ $16 25. Rxd1 b4 (25... Qxb6 $2 26. cxb6 Rxc2 27. b7 $18) (25... Qa3 $142) 26. Rc1 $16 Bc6 27. Nc4 Qa8 (27... Qxc5 28. Nd2 Qxc2 29. Rxc2 $14) 28. Bxc6 Qxc6 29. Na5 (29. Nb2 $16) 29... Qb5 30. Nb3 Nd5 31. Nd4 Qa5 32. Nb3 (32. Qc4 $14) 32... Qa6 ({Better is} 32... Qb5 $1 $11) 33. Rd1 $14 Rc8 34. Rd4 Qa3 (34... Nc3 $1 $11 35. Rd2 (35. Rxb4 Ne2+ 36. Kh1 Nc3 $11) 35... g6) 35. c6 (35. h3 $16) 35... g6 (35... Qa6 $11) 36. Rc4 Nc3 37. c7 (37. h3 {simplifies} Qa6 38. Rxb4 Qxc6 39. Qb2) 37... Qa6 38. Rc5 Qd6 (38... Ne2+ $1 $11 39. Kh1 Nc3) 39. a3 $1 $16 Nd5 {[%emt 0:00:12] [#]} 40. e4 $1 Nxc7 {[%emt 0:00:50] [#]} 41. Rc6 $1 (41. axb4 $6 Rd8 42. Kf1 (42. Rxc7 $2 Qd1+ 43. Qxd1 Rxd1#) 42... Na6 $11) 41... Qd7 42. axb4 Rd8 43. g3 (43. Rxc7 $2 {leads to mate.} Qd1+ 44. Qxd1 Rxd1#) 43... Nb5 44. Kg2 h5 45. Rc5 Nd4 (45... Na3 $16 {was worth a try.} 46. Qc3 Qd3) 46. Nxd4 $18 Qxd4 47. Rc4 Qd7 48. h4 Qb7 49. Qc3 Re8 50. Qe5 Rb8 $2 (50... Rc8 51. Rxc8+ Qxc8) 51. b5 $18 Qd7 $2 ({And not} 51... Qxb5 52. Rc8+ Rxc8 53. Qxb5 $18) (51... Rd8 $18 52. g4 Qd7 53. gxh5 gxh5) 1-0

[Event "7th Sharjah Challengers 2024"]
[Site "Sharjah"]
[Date "2024.05.22"]
[Round "9.12"]
[White "Kazarian, Anna-Maja"]
[Black "Anwesh, Upadhyaya"]
[Result "0-1"]
[ECO "D35"]
[WhiteElo "2182"]
[BlackElo "2345"]
[Annotator "RC"]
[PlyCount "60"]
[EventDate "2024.05.13"]
[EventType "swiss"]
[EventCountry "UAE"]
[SourceTitle "playchess.com"]
[Source "ChessBase"]
[SourceQuality "1"]
[TimeControl "5400+30"]

1. d4 Nf6 2. Nf3 d5 3. c4 e6 4. Nc3 c6 5. cxd5 exd5 6. Bg5 Be7 7. e3 Bf5 8. Bd3 Bxd3 9. Qxd3 a5 10. O-O O-O 11. Ne5 Na6 12. f4 Nc7 13. Rf3 Ne4 14. Bxe7 Qxe7 15. Rh3 f6 16. Nf3 Ne8 17. g4 N8d6 18. Ne2 Rae8 19. Kg2 Qd7 20. f5 g6 21. Nf4 gxf5 22. gxf5 Nxf5 23. Rg1 Rf7 24. Kf1+ Rg7 25. Rxg7+ Qxg7 26. Ke2 Qg4 27. Rh5 Ng5 28. Rxg5+ fxg5 29. Nh5 Qg2+ 30. Ke1 Rxe3+ 0-1